 Dungeon Crawl Stone Soup version 0.28.0-53-g5a82cb258f (webtiles) character file.

Game seed: 7051891101403313901

172 Zeld the Chiller (level 5, 0/34 (35) HPs)
             Began as a Merfolk Ice Elementalist on May 21, 2022.
             Shot with an arrow by a centaur (6 damage)
             ... on level 4 of the Dungeon.
             The game lasted 00:03:49 (4967 turns).

Zeld the Chiller (Merfolk Ice Elementalist)         Turns: 4967, Time: 00:03:50

HP:   0/34 (35)     AC:  3    Str:  8    XL:     5   Next: 52%
MP:   10/10         EV: 13    Int: 16    God:
Gold: 127           SH:  0    Dex: 15    Spells: 4/11 levels left

rFire   . . .      SeeInvis .   (no weapon)
rCold   . . .      Faith    .   (no shield)
rNeg    . . .      Spirit   .   a - +0 robe
rPois   .          Reflect  .   (no helmet)
rElec   .          Harm     .   i - +0 cloak
rCorr   .          Rampage  .   (no gloves)
Will    .....                   (no boots)
Stlth   ++........              (no amulet)
HPRegen 0.11/turn               (no ring)
MPRegen 0.12/turn               (no ring)

@: lightly drained
A: (nimble swimmer 2), mertail
a: no special abilities


You were on level 4 of the Dungeon.
You visited 1 branch of the dungeon, and saw 4 of its levels.

You collected 127 gold pieces.

Inventory:

Armour
 a - a +0 robe (worn)
 i - a +0 cloak (worn)
Scrolls
 b - 3 scrolls of identify {unknown}
 c - 2 scrolls of fear {unknown}
 d - 5 scrolls of teleportation {unknown}
 e - a scroll of holy word {unknown}
 f - a scroll of noise {unknown}
Potions
 g - 2 potions of lignification {unknown}
 h - a potion of mutation {unknown}


   Skills:
 + Level 4.0 Dodging
 - Level 2.1 Stealth
 * Level 3.5 Spellcasting
 * Level 5.7 Ice Magic


You had 4 spell levels left.
You knew the following spells:

 Your Spells              Type           Power      Damage    Failure   Level
a - Freeze                Ice            84%        1d10      1%          1
b - Frozen Ramparts       Ice            42%        1d6       4%          3
c - Ozocubu's Armour      Ice            21%        N/A       4%          3

Your spell library contained the following spells:

 Spells                   Type           Power      Damage    Failure   Level
 Ignite Poison            Fire/Tmut/Pois 2%         N/A       47%         3
 Mephitic Cloud           Conj/Pois/Air  2%         N/A       47%         3
 Hailstorm                Conj/Ice       12%        3d5       47%         4
 Freezing Cloud           Conj/Ice/Air   4%         6-21      92%         5
 Alistair's Intoxication  Tmut/Pois      1%         N/A       99%         5
 Borgnjor's Vile Clutch   Necr/Erth      1%         N/A       99%         5
 Eringya's Noxious Bog    Tmut/Pois      1%         N/A       100%        6


Dungeon Overview and Level Annotations

Branches:
Dungeon (4/15)
 Temple: D:4-7

Altars:
Ashenzari

Shops:
D:1 [


Innate Abilities, Weirdness & Mutations

((You are very nimble when in or above water. (Stealth+, EV+, Speed+++)))
Your lower body shifts to a powerful aquatic tail in water.


Message History

The adder skeleton bites you but does no damage.
You barely miss the adder skeleton.
The adder skeleton is lightly damaged.
An ogre comes into view. It is wielding a +0 giant club.
The adder skeleton bites you but does no damage.
You closely miss the adder skeleton.
The adder skeleton is lightly damaged.
The ogre shouts!
The adder skeleton bites you.
A necrophage comes into view.
You hit the adder skeleton.
The adder skeleton is lightly damaged.
The adder skeleton bites you but does no damage.
You closely miss the adder skeleton.
The adder skeleton is lightly damaged.
The adder skeleton bites you.
You hit the adder skeleton but do no damage.
The adder skeleton is lightly damaged.
The adder skeleton closely misses you.
You hit the adder skeleton.
The adder skeleton is moderately damaged.
The adder skeleton completely misses you.
The ogre barely misses you. The necrophage misses you.
You hit the adder skeleton. Your punch misses the adder skeleton.
The adder skeleton is moderately damaged.
The adder skeleton barely misses you.
The necrophage hits you but does no damage.
The ogre hits you with a +0 giant club! The necrophage hits you.
You feel drained.
There is a stone staircase leading up here.
The necrophage hits you.
* * * LOW HITPOINT WARNING * * *
An ogre comes into view. It is wielding a +0 giant spiked club.
The necrophage hits you.
* * * LOW HITPOINT WARNING * * *
Found a yellow potion.
The centaur shouts!
The centaur shoots an arrow.
The arrow barely misses you.
The centaur shoots an arrow.
The arrow hits you.
You die...

##. #.......#
... #
#.......#..!.
#.........#
##......#.#
#..Zn### ###.
##....### #...
####.#.## ...
#.....###..
#..#.@.#..
######...#####.
#...........
#..<.......
#####......
#..$.. .....
.c.. ..


You could see a centaur and an adder skeleton.

Vanquished Creatures
  An iguana (D:3)
  An orc wizard (D:3)
  3 adders
  An adder skeleton (D:3)
  3 worms (D:2)
  8 orcs
  4 bats
  11 endoplasms
  A giant cockroach (D:3)
  3 goblins
  4 hobgoblins
  7 jackals
  3 kobolds
  4 quokkas
  6 ball pythons
  6 frilled lizards
  5 rats
71 creatures vanquished.

Notes
Turn   | Place    | Note
-------+----------+-------------------------------------------
     0 | D:1      | Zeld the Merfolk Ice Elementalist began the quest for the
                  | Orb.
     0 | D:1      | Reached XP level 1. HP: 13/13 MP: 3/3
   144 | D:1      | Reached XP level 2. HP: 5/19 MP: 0/5
   445 | D:1      | Found Vuonnukh's Antique Armour Boutique.
  1194 | D:1      | Reached XP level 3. HP: 21/24 MP: 3/6
  1202 | D:1      | Learned a level 3 spell: Frozen Ramparts
  1206 | D:1      | Learned a level 3 spell: Ozocubu's Armour
  1552 | D:2      | Reached skill level 5 in Ice Magic
  2089 | D:2      | Reached XP level 4. HP: 26/30 MP: 4/8
  2357 | D:2      | Found a faded altar of an unknown god.
  3404 | D:3      | Reached XP level 5. HP: 19/35 MP: 0/9
  3912 | D:3      | Found a broken altar of Ashenzari.
  4427 | D:4      | Noticed a centaur
  4946 | D:4      | Noticed an ogre
  4947 | D:4      | Noticed a necrophage
  4955 | D:4      | Noticed an ogre
  4967 | D:4      | Shot with an arrow by a centaur

Illustrated notes

Levels and vault maps discovered:
D:1:      dpeg_arrival_boxes_within_box, layout_rooms, serial_shops,
          nicolae_lakefront_shop, wander_ebering_terrifying_dragon_lair
D:2:      layout_loops_corners, hellmonk_ecumenical_altar_run_dry,
          minmay_small_reverse_x
D:3:      layout_rooms, lemuel_coloured_pillars_altar,
          kennysheep_generic_room_12
D:4:      layout_cave_pools

Skill      XL: |  1  2  3  4  5 |
---------------+----------------+-----
Dodging        | 3 4 |  4.0
Ice Magic      | 5 |  5.7
Spellcasting   | 3 |  3.5
Stealth        | |  2.1

Action                   |  1- 3 |  4- 6 || total
-------------------------+-------+-------++-------
Melee: Unarmed           |    30 |    48 ||    78
 Cast: Freeze            |    61 |    37 ||    98
       Frozen Ramparts   |     1 |     3 ||     4
       Ozocubu's Armour  |       |     1 ||     1
 Stab: Sleeping          |       |     2 ||     2
Armor: Robe              |    22 |    22 ||    44
Dodge: Dodged            |    59 |    52 ||   111
